 Dungeon Crawl Stone Soup version 0.17.1-3-g152610e (webtiles) character file.

159 Gargoyl the Skirmisher (level 5, 0/43 HPs)
             Began as a Demonspawn Abyssal Knight on Apr 17, 2016.
             Was a Believer of Lugonu.
             Slain by a gnoll
             ... wielding a +0 spear
              (5 damage)
             ... on level 3 of the Dungeon.
             The game lasted 00:05:08 (2901 turns).

Gargoyl the Skirmisher (Demonspawn Abyssal Knight)  Turns: 2901, Time: 00:05:08

Health: 0/43       AC: 12    Str: 14    XL:     5   Next: 17%
Magic:  7/7        EV:  9    Int: 13    God:    Lugonu [**....]
Gold:   130        SH:  0    Dex: 12    Spells: 0 memorised, 4 levels left

rFire  . . .     SeeInvis .     a - +1 hand axe
rCold  . . .     Clarity  .     o - +0 scale mail
rNeg   . . .     SustAt   .     (no shield)
rPois  .         Gourm    +     e - +0 helmet
rElec  .         Spirit   .     m - +2 cloak
rCorr  .         Warding  .     (no gloves)
rMut   .         Stasis   .     (no boots)
MR     .....                    d - amulet of the gourmand
Stlth  ..........               (no ring)
                                (no ring)

@: not resistant to hostile enchantments, extremely unstealthy
A: talons 1, rugged brown scales 1, powered by pain 2
a: Depart the Abyss, Bend Space, Renounce Religion


You were on level 3 of the Dungeon.
You worshipped Lugonu.
Lugonu was pleased with you.
You were very full.

You visited 1 branch of the dungeon, and saw 3 of its levels.
You visited the Abyss 1 time.

You collected 130 gold pieces.

Inventory:

Hand Weapons
 a - a +1 hand axe (weapon)
 r - a +0 flail of venom
 s - a +0 blowgun
Missiles
 t - 10 tomahawks (quivered)
 u - 2 poisoned needles
Armour
 e - a +0 helmet (worn)
 m - a +2 cloak (worn)
 o - a +0 scale mail (worn)
Jewellery
 d - an amulet of the gourmand (around neck)
Scrolls
 g - 5 scrolls of remove curse {unknown}
 j - 2 scrolls of fog {unknown}
 k - 3 scrolls of identify {unknown}
 l - a scroll of fear {unknown}
 p - a scroll of enchant weapon {unknown}
Potions
 b - a potion of resistance {unknown}
 h - a potion of curing
 q - a potion of magic {unknown}
Comestibles
 c - 2 bread rations
 f - a beef jerky
 i - 2 meat rations
 n - a royal jelly


   Skills:
 + Level 4.0 Fighting
 + Level 2.7 Axes
 * Level 3.0 Armour
 + Level 1.9 Dodging
 + Level 0.2 Stealth
 + Level 2.8 Invocations


You had 4 spell levels left.
You didn't know any spells.

Dungeon Overview and Level Annotations

Branches:
Dungeon (3/15)

Altars:


Innate Abilities, Weirdness & Mutations

You have sharp toenails.
You are partially covered in rugged brown scales (AC +1, +3% HP).
You sometimes gain power by taking damage.


Message History

A gnoll comes into view.
The gnoll shouts!
The gnoll hits you with a spear.
You see here a gnoll corpse.
You hit the gnoll. You claw the gnoll, but do no damage.
The gnoll is moderately wounded.
The gnoll barely misses you.
You barely miss the gnoll.
The gnoll is moderately wounded.
You hit the gnoll but do no damage. You barely miss the gnoll.
The gnoll is moderately wounded.
The gnoll hits you with a spear.
* * * LOW HITPOINT WARNING * * *
The gnoll hits you.
* * * LOW HITPOINT WARNING * * *
You hit the gnoll but do no damage. You claw the gnoll, but do no damage.
You barely miss the gnoll.
The gnoll is moderately wounded.
The gnoll hits you with a spear.
You die...

............#########..
.......................
#....†....#########..
##........# ####... ##.g....##
##..#†.# ###..### #...)..# #..#
#......# #########g.# #......#
#.......@g.# #....... [
#......##.#### ###(...#.# ..
#......##.....##......#.# ......
#......######.#..#....#.#
......##....................##..
... #........###.....####### ##
..#(.#......###.#....#### ##..
#.(...).......#....## # # ...
#......##..##...##...####


You could see 2 gnolls.

Vanquished Creatures
  An iguana (D:3)
  A gnoll (D:3)
  5 adders
  An ooze (D:1)
  6 worms (D:2)
  3 giant geckos
  4 orcs (D:3)
  5 goblins
  5 hobgoblins
  6 bats
  3 giant newts
  10 kobolds
  3 quokkas (D:2)
  6 rats
59 creatures vanquished.

Notes
Turn   | Place    | Note
--------------------------------------------------------------
     0 | Abyss:1  | Gargoyl the Demonspawn Abyssal Knight began the quest for the Orb.
     0 | Abyss:1  | Reached XP level 1. HP: 18/18 MP: 2/2
    57 | Abyss:1  | Found a corrupted altar of Lugonu.
    58 | Abyss:1  | Noticed a large abomination
    90 | Abyss:2  | Found a corrupted altar of Lugonu.
   101 | Abyss:2  | Noticed a wight
   101 | Abyss:2  | Noticed a wight
   101 | D:1      | Escaped the Abyss
   300 | D:1      | Reached skill level 1 in Dodging
   337 | D:1      | Reached * piety under Lugonu
   337 | D:1      | Gained mutation: You have sharp toenails. [demonic ancestry]
   337 | D:1      | Reached XP level 2. HP: 24/24 MP: 3/3
   923 | D:2      | Gained mutation: You sometimes gain a little power by taking damage. [demonic ancestry]
   923 | D:2      | Reached XP level 3. HP: 26/29 MP: 4/4
  1646 | D:2      | Reached ** piety under Lugonu
  1825 | D:2      | Gained mutation: You sometimes gain power by taking damage. [demonic ancestry]
  1825 | D:2      | Reached XP level 4. HP: 35/37 MP: 6/6
  2663 | D:3      | Gained mutation: You are partially covered in rugged brown scales (AC +1, +3% HP). [demonic ancestry]
  2663 | D:3      | Reached XP level 5. HP: 16/43 MP: 7/7
  2896 | D:3      | Reached skill level 4 in Fighting
  2901 | D:3      | Slain by a gnoll

Action                   |  1- 3 |  4- 6 || total
-------------------------+-------+-------++-------
Melee: Hand axe          |   144 |    76 ||   220
Invok: Depart the Abyss  |     1 |       ||     1
  Use: Potion            |       |     2 ||     2
  Eat: Chunk             |    12 |     2 ||    14
